Workbook

Sheet Tarifs CRECHE
A1: TARIFS CRÈCHE ET NURSERIE, sans repas
A2: Repas à FR. 8.20.- / Déjeuner et Goûter à FR. 2.-
A3: En nurserie, les parents apportent les repas
C5: 1 | D5: 2 | E5: 3 | F5: 4 | G5: 5 | H5: 6 | I5: 7 | J5: 8 | K5: 9 | L5: 10
A6: REVENUS | C6: Inférieur à Fr. 50’000.- | D6: De Fr. 50’001.- à Fr. 75’000.- | E6: De Fr. 75’001.- à Fr. 100’000.- | F6: De Fr. 100’001.- à Fr. 125’000.- | G6: De Fr. 125’001.- à Fr. 150’000.- | H6: De Fr. 150’001.- à Fr. 175’000.- | I6: De Fr. 175’001.- à Fr. 200’000.- | J6: De Fr. 200’001.- à Fr. 225’000.- | K6: De Fr. 225’001.- à Fr. 250’000.- | L6: Supérieur à Fr. 250’001.- | M6: Repas | N6: Midi | O6: Goûter
A7: Matin | C7: 16 | D7: 18 | E7: 21 | F7: 24 | G7: 28 | H7: 34 | I7: 37 | J7: 41 | K7: 44 | L7: 47 | M7: =SUM(N7:O7) -> 0
A8: Matin + Repas + Sieste | C8: 18 | D8: 20 | E8: 23 | F8: 26 | G8: 30 | H8: 36 | I8: 39 | J8: 43 | K8: 46 | L8: 49 | M8: =SUM(N8:O8) -> 8.2 | N8: 8.2
A9: Repas + Sieste + Après-midi | C9: 18 | D9: 20 | E9: 23 | F9: 26 | G9: 30 | H9: 36 | I9: 39 | J9: 43 | K9: 46 | L9: 49 | M9: =SUM(N9:O9) -> 10.2 | N9: 8.2 | O9: 2
A10: Après-midi | C10: 16 | D10: 18 | E10: 21 | F10: 24 | G10: 28 | H10: 34 | I10: 37 | J10: 41 | K10: 44 | L10: 47 | M10: =SUM(N10:O10) -> 2 | O10: 2
A11: Journée | C11: 24 | D11: 28 | E11: 35 | F11: 45 | G11: 50 | H11: 56 | I11: 59 | J11: 63 | K11: 65 | L11: 70 | M11: =SUM(N11:O11) -> 10.2 | N11: 8.2 | O11: 2
A15: La période d'adaptation est facturée Fr. 6.-/heure.
A16: Les prestations occasionnelles sont majorées de 20%.

Sheet REGULIER - Crèche
A1: Ce simulateur est un outil pour estimer le coût de la fréquentation souhaitée par contrat. Sélectionner votre classe salariale, les prestations souhaitées, et indiquer le nombre d'enfant que vous avez inscrit à la structure (nurserie, crèche ou UAPE).
A3: ESTIMATION DES COÛTS (Nurserie/Crèche) - Inscription régulière
A9: 1. Veuillez sélectionner votre classe de salaire dans le menu déroulant : | H9: 4
A10: 1 | B10: 2 | C10: 3 | D10: 4 | E10: 5 | F10: 6 | G10: 7 | H10: 8 | I10: 9 | J10: 10
A11: Inférieur à Fr. 50’000.- | B11: De Fr. 50’001.- à Fr. 75’000.- | C11: De Fr. 75’001.- à Fr. 100’000.- | D11: De Fr. 100’001.- à Fr. 125’000.- | E11: De Fr. 125’001.- à Fr. 150’000.- | F11: De Fr. 150’001.- à Fr. 175’000.- | G11: De Fr. 175’001.- à Fr. 200’000.- | H11: De Fr. 200’001.- à Fr. 225’000.- | I11: De Fr. 225’001.- à Fr. 250’000.- | J11: Supérieur à Fr. 250’001.-
A13: 2. Saisissez la date de naissance de votre enfant : | H13: 46023
A15: 3. Veuillez préciser le nombre d'enfant(s) inscrit(s) dans la structure : | H15: 2 | J15: Classement de l'enfant selon ses frères et sœur.
A16: Veuillez saisir les dates de naissance de vos autres enfants. | E16: Enfant 2 | F16: Enfant 3 | G16: Enfant 4 | H16: Enfant 5 | J16: L'enfant est le | K16: =COUNTIF($E$17:$H$17,">"&$H$13)+1 -> 1 | L16: ème plus jeune
A17: Ces informations permettent de calculer un rabais de fratrie potentiel. | E17: 44562 | F17: 44197
A19: Rabais de fratrie appliqué à partir du 2ème enfant (sur les frais de garde) | H19: =IF(H15=2,IF(K16<=1,10%,0), IF(H15=3,IF(K16<=2,15%,0), IF(H15=4,IF(K16<=3,15%,0), IF(H15=5,IF(K16<=4,15%,0), IF(H15=6,IF(K16<=5,15%,0),0))))) -> 0.1 | I19: *
A21: 4. Veuillez indiquer si votre enfant consomme les repas de la structure : | H21: OUI | I21: OUI | J21: NON
A23: 5. Veuillez sélectionner les prestations auxquelles vous souhaitez inscrire votre enfant :
A24: Prestation | D24: Lundi | E24: Mardi | F24: Mercredi | G24: Jeudi | H24: Vendredi | I24: Nb par semaine | J24: Frais de garde | K24: Frais de repas | L24: *
A25: Matin | D25: OUI | I25: =COUNTIF(D25:H25,"OUI") -> 1 | J25: =IF((VLOOKUP(A25,'Tarifs CRECHE'!$A$5:$O$11,$H$9+2,0)*I25)=0,"",(VLOOKUP(A25,'Tarifs CRECHE'!$A$5:$O$11,$H$9+2,0)*I25)) -> 24 | K25: =IF((VLOOKUP(A25,'Tarifs CRECHE'!$A$5:$O$11,13,0)*I25)=0,"",(VLOOKUP(A25,'Tarifs CRECHE'!$A$5:$O$11,13,0)*I25))
A26: Matin + Repas + Sieste | I26: =COUNTIF(D26:H26,"OUI") -> 0 | J26: =IF((VLOOKUP(A26,'Tarifs CRECHE'!$A$5:$O$11,$H$9+2,0)*I26)=0,"",(VLOOKUP(A26,'Tarifs CRECHE'!$A$5:$O$11,$H$9+2,0)*I26)) | K26: =IF((VLOOKUP(A26,'Tarifs CRECHE'!$A$5:$O$11,13,0)*I26)=0,"",(VLOOKUP(A26,'Tarifs CRECHE'!$A$5:$O$11,13,0)*I26))
A27: Repas + Sieste + Après-midi | F27: OUI | I27: =COUNTIF(D27:H27,"OUI") -> 1 | J27: =IF((VLOOKUP(A27,'Tarifs CRECHE'!$A$5:$O$11,$H$9+2,0)*I27)=0,"",(VLOOKUP(A27,'Tarifs CRECHE'!$A$5:$O$11,$H$9+2,0)*I27)) -> 26 | K27: =IF((VLOOKUP(A27,'Tarifs CRECHE'!$A$5:$O$11,13,0)*I27)=0,"",(VLOOKUP(A27,'Tarifs CRECHE'!$A$5:$O$11,13,0)*I27)) -> 10.2
A28: Après-midi | I28: =COUNTIF(D28:H28,"OUI") -> 0 | J28: =IF((VLOOKUP(A28,'Tarifs CRECHE'!$A$5:$O$11,$H$9+2,0)*I28)=0,"",(VLOOKUP(A28,'Tarifs CRECHE'!$A$5:$O$11,$H$9+2,0)*I28)) | K28: =IF((VLOOKUP(A28,'Tarifs CRECHE'!$A$5:$O$11,13,0)*I28)=0,"",(VLOOKUP(A28,'Tarifs CRECHE'!$A$5:$O$11,13,0)*I28))
A29: Journée | I29: =COUNTIF(D29:H29,"OUI") -> 0 | J29: =IF((VLOOKUP(A29,'Tarifs CRECHE'!$A$5:$O$11,$H$9+2,0)*I29)=0,"",(VLOOKUP(A29,'Tarifs CRECHE'!$A$5:$O$11,$H$9+2,0)*I29)) | K29: =IF((VLOOKUP(A29,'Tarifs CRECHE'!$A$5:$O$11,13,0)*I29)=0,"",(VLOOKUP(A29,'Tarifs CRECHE'!$A$5:$O$11,13,0)*I29))
D31: Total par semaine (acompte minimum) | H31: =J31+K31 -> 60.2 | J31: =SUM(J25:J29) -> 50 | K31: =SUM(K25:K29) -> 10.2
D33: Total après le rabais de fratrie | H33: =J33+K33 -> 55.2 | J33: =IF(H15=1,SUM(J25:J29),(IF(H15=2,(SUM(J25:J29))*(1-H19),IF(H15>2,(SUM(J25:J29))*(1-H19),(SUM(J25:J29)))))) -> 45 | K33: =K31 -> 10.2
D35: Estimation mensuelle (4.5 semaines) | H35: =H33*4.5 -> 248.4 | J35: =J33*4.5 -> 202.5 | K35: =K33*4.5 -> 45.9
A37: * Le rabais de fratrie ne s'appliquera qu'à partir du 2ème enfant inscrit, sur le(s) montant(s) des prestations de(s) l'enfant(s) le(s) plus jeune(s).
A38: * Les frais de repas comprennent le repas du midi et/ou le goûter. Le petit déjeuner n'est pas compris dans ces frais et sera facturé 2.00 CHF chaque fois que votre enfant le consommera.

Sheet IRREGULIER - Crèche
A1: Ce simulateur est un outil pour estimer le coût de la fréquentation souhaitée par contrat. Sélectionner votre classe salariale, les prestations souhaitées, et indiquer le nombre d'enfant que vous avez inscrit à la structure (nurserie, crèche ou UAPE).
A3: ESTIMATION DES COÛTS (Nurserie/Crèche) - Inscription irrégulière
A9: 1. Veuillez sélectionner votre classe de salaire dans le menu déroulant : | G9: 8
A10: 1 | B10: 2 | C10: 3 | D10: 4 | E10: 5 | F10: 6 | G10: 7 | H10: 8 | I10: 9 | J10: 10
A11: Inférieur à Fr. 50’000.- | B11: De Fr. 50’001.- à Fr. 75’000.- | C11: De Fr. 75’001.- à Fr. 100’000.- | D11: De Fr. 100’001.- à Fr. 125’000.- | E11: De Fr. 125’001.- à Fr. 150’000.- | F11: De Fr. 150’001.- à Fr. 175’000.- | G11: De Fr. 175’001.- à Fr. 200’000.- | H11: De Fr. 200’001.- à Fr. 225’000.- | I11: De Fr. 225’001.- à Fr. 250’000.- | J11: Supérieur à Fr. 250’001.-
A13: 2. Saisissez la date de naissance de votre enfant : | G13: 46023
A15: 3. Veuillez préciser le nombre d'enfant(s) inscrit(s) dans la structure : | G15: 2 | J15: Classement de l'enfant selon ses frères et sœur.
A16: Veuillez saisir les dates de naissance de vos autres enfants. | D16: Enfant 2 | E16: Enfant 3 | F16: Enfant 4 | G16: Enfant 5 | J16: L'enfant est le | K16: =COUNTIF($D$17:$G$17,">"&$G$13)+1 -> 1 | L16: ème plus jeune
A17: Ces informations permettent de calculer un rabais de fratrie potentiel. | D17: 44927
A19: Rabais de fratrie appliqué à partir du 2ème enfant (sur les frais de garde) | G19: =IF(G15=2,IF(K16<=1,10%,0), IF(G15=3,IF(K16<=2,15%,0), IF(G15=4,IF(K16<=3,15%,0), IF(G15=5,IF(K16<=4,15%,0), IF(G15=6,IF(K16<=5,15%,0),0))))) -> 0.1 | H19: *
A21: 4. Veuillez indiquer si votre enfant consomme les repas de la structure : | G21: NON | I21: OUI | J21: NON
A23: 5. Veuillez indiquer combien de fois par mois vous souhaitez inscire votre enfant aux prestations suivantes :
A24: Prestation | D24: Fréquentation mensuelle | E24: Nb par semaine | F24: Frais de garde | G24: Frais de repas | H24: *
A25: Matin | D25: 10 | E25: =IF(OR(D25="",D25=0),0,IF(AND(D25>0,D25<8),8,IF(D25>8,D25,8))) -> 10 | F25: =IF((VLOOKUP(A25,'Tarifs CRECHE'!$A$5:$O$11,$G$9+2,0)*E25)=0,"",(VLOOKUP(A25,'Tarifs CRECHE'!$A$5:$O$11,$G$9+2,0)*E25)) -> 410 | G25: =IF($G$21="OUI",(IF((VLOOKUP(A25,'Tarifs CRECHE'!$A$5:$O$11,13,0)*E25)=0,"",(VLOOKUP(A25,'Tarifs CRECHE'!$A$5:$O$11,13,0)*E25))),"")
A26: Matin + Repas + Sieste | E26: =IF(OR(D26="",D26=0),0,IF(AND(D26>0,D26<8),8,IF(D26>8,D26,8))) -> 0 | F26: =IF((VLOOKUP(A26,'Tarifs CRECHE'!$A$5:$O$11,$G$9+2,0)*E26)=0,"",(VLOOKUP(A26,'Tarifs CRECHE'!$A$5:$O$11,$G$9+2,0)*E26)) | G26: =IF($G$21="OUI",(IF((VLOOKUP(A26,'Tarifs CRECHE'!$A$5:$O$11,13,0)*E26)=0,"",(VLOOKUP(A26,'Tarifs CRECHE'!$A$5:$O$11,13,0)*E26))),"")
A27: Repas + Sieste + Après-midi | E27: =IF(OR(D27="",D27=0),0,IF(AND(D27>0,D27<8),8,IF(D27>8,D27,8))) -> 0 | F27: =IF((VLOOKUP(A27,'Tarifs CRECHE'!$A$5:$O$11,$G$9+2,0)*E27)=0,"",(VLOOKUP(A27,'Tarifs CRECHE'!$A$5:$O$11,$G$9+2,0)*E27)) | G27: =IF($G$21="OUI",(IF((VLOOKUP(A27,'Tarifs CRECHE'!$A$5:$O$11,13,0)*E27)=0,"",(VLOOKUP(A27,'Tarifs CRECHE'!$A$5:$O$11,13,0)*E27))),"")
A28: Après-midi | D28: 5 | E28: =IF(OR(D28="",D28=0),0,IF(AND(D28>0,D28<8),8,IF(D28>8,D28,8))) -> 8 | F28: =IF((VLOOKUP(A28,'Tarifs CRECHE'!$A$5:$O$11,$G$9+2,0)*E28)=0,"",(VLOOKUP(A28,'Tarifs CRECHE'!$A$5:$O$11,$G$9+2,0)*E28)) -> 328 | G28: =IF($G$21="OUI",(IF((VLOOKUP(A28,'Tarifs CRECHE'!$A$5:$O$11,13,0)*E28)=0,"",(VLOOKUP(A28,'Tarifs CRECHE'!$A$5:$O$11,13,0)*E28))),"")
A29: Journée | E29: =IF(OR(D29="",D29=0),0,IF(AND(D29>0,D29<8),8,IF(D29>8,D29,8))) -> 0 | F29: =IF((VLOOKUP(A29,'Tarifs CRECHE'!$A$5:$O$11,$G$9+2,0)*E29)=0,"",(VLOOKUP(A29,'Tarifs CRECHE'!$A$5:$O$11,$G$9+2,0)*E29)) | G29: =IF($G$21="OUI",(IF((VLOOKUP(A29,'Tarifs CRECHE'!$A$5:$O$11,13,0)*E29)=0,"",(VLOOKUP(A29,'Tarifs CRECHE'!$A$5:$O$11,13,0)*E29))),"")
A31: Total par semaine (acompte minimum) | E31: =G31+H31 -> 738 | G31: =SUM(F25:F29) -> 738 | H31: =SUM(G25:G29) -> 0
A33: Total après le rabais de fratrie | E33: =G33+H33 -> 664.2 | G33: =IF(G15=1,SUM(F25:F29),(IF(G15=2,(SUM(F25:F29))*(1-G19),IF(G15>2,(SUM(F25:F29))*(1-G19),(SUM(F25:F29)))))) -> 664.2 | H33: =H31 -> 0
A36: * Le rabais de fratrie ne s'appliquera qu'à partir du 2ème enfant inscrit, sur le(s) montant(s) des prestations de(s) l'enfant(s) le(s) plus jeune(s).
A37: * Les frais de repas comprennent le repas du midi et/ou le goûter. Le petit déjeuner n'est pas compris dans ces frais et sera facturé 2.00 CHF chaque fois que votre enfant le consommera.
A40: Pour les contrats irréguliers, un minimum de 8 fréquentations par prestation choisie est imposé par mois. Si votre enfant ne vient que 2 ou 3 fois, 8 prestations seront facturées.
A41: Si votre enfant vient plus de 8 fois, les prestations seront facturées au réel.
A42: Vous ne pouvez pas inscrire votre enfant plus de 12 fois à la même prestation.
A44: Vous devrez inscrire votre enfant 1 semaine à l'avance directement via MonPortail.

Sheet Tarifs UAPE
A1: Prestations | C1: 1 | D1: 2 | E1: 3 | F1: 4 | G1: 5 | H1: 6 | I1: 7 | J1: 8 | K1: 9 | L1: 10 | M1: Repas | N1: Midi | O1: Goûter
C2: Inférieur à Fr. 50’000.- | D2: De Fr. 50’001.- à Fr. 75’000.- | E2: De Fr. 75’001.- à Fr. 100’000.- | F2: De Fr. 100’001.- à Fr. 125’000.- | G2: De Fr. 125’001.- à Fr. 150’000.- | H2: De Fr. 150’001.- à Fr. 175’000.- | I2: De Fr. 175’001.- à Fr. 200’000.- | J2: De Fr. 200’001.- à Fr. 225’000.- | K2: De Fr. 225’001.- à Fr. 250’000.- | L2: Supérieur à Fr. 250’001.-
A3: Matin (06h30-08h05) | B3: 1 | C3: 10 | D3: 12 | E3: 14 | F3: 16 | G3: 19 | H3: 23 | I3: 27 | J3: 31 | K3: 34 | L3: 38 | M3: =SUM(N3:O3) -> 0
A4: Matinée (06h30-11h30) | B4: 2 | C4: 16 | D4: 18 | E4: 20 | F4: 23 | G4: 29 | H4: 33 | I4: 36 | J4: 40 | K4: 44 | L4: 48 | M4: =SUM(N4:O4) -> 0
A5: Midi (11h30-13h30) | B5: 3 | C5: 12 | D5: 14 | E5: 16 | F5: 19 | G5: 24 | H5: 28 | I5: 32 | J5: 35 | K5: 39 | L5: 43 | M5: =SUM(N5:O5) -> 8.7 | N5: 8.7
A6: Après-midi court (13h30-16h00) | B6: 4 | C6: 10 | D6: 12 | E6: 14 | F6: 17 | G6: 21 | H6: 25 | I6: 29 | J6: 33 | K6: 37 | L6: 40 | M6: =SUM(N6:O6) -> 2 | O6: 2
A7: Après-midi long (13h30-19h00) | B7: 5 | C7: 16 | D7: 18 | E7: 20 | F7: 23 | G7: 29 | H7: 33 | I7: 36 | J7: 40 | K7: 44 | L7: 48 | M7: =SUM(N7:O7) -> 2 | O7: 2
A8: Soir (16h05-19h00) | B8: 6 | C8: 10 | D8: 12 | E8: 14 | F8: 17 | G8: 21 | H8: 25 | I8: 29 | J8: 33 | K8: 37 | L8: 40 | M8: =SUM(N8:O8) -> 2 | O8: 2
A9: Matin + Midi | B9: 1+3 | C9: 16 | D9: 18 | E9: 20 | F9: 22 | G9: 26 | H9: 30 | I9: 34 | J9: 38 | K9: 42 | L9: 45 | M9: =SUM(N9:O9) -> 8.7 | N9: 8.7
A10: Matinée + Midi | B10: 2+3 | C10: 22 | D10: 24 | E10: 26 | F10: 29 | G10: 36 | H10: 40 | I10: 44 | J10: 48 | K10: 51 | L10: 55 | M10: =SUM(N10:O10) -> 8.7 | N10: 8.7
A11: Journée sans école après-midi | B11: 1+2+5 | C11: 34 | D11: 36 | E11: 38 | F11: 42 | G11: 50 | H11: 55 | I11: 59 | J11: 63 | K11: 65 | L11: 70 | M11: =SUM(N11:O11) -> 10.7 | N11: 8.7 | O11: 2
A12: Journée sans école matin | B12: 2+3+6 | C12: 34 | D12: 36 | E12: 38 | F12: 42 | G12: 50 | H12: 55 | I12: 59 | J12: 63 | K12: 65 | L12: 70 | M12: =SUM(N12:O12) -> 10.7 | N12: 8.7 | O12: 2
A13: Journée avec école | B13: 1+3+6 | C13: 27 | D13: 29 | E13: 31 | F13: 34 | G13: 42 | H13: 46 | I13: 50 | J13: 54 | K13: 58 | L13: 61 | M13: =SUM(N13:O13) -> 10.7 | N13: 8.7 | O13: 2
A14: Midi + Après-midi court | B14: 3+4 | C14: 18 | D14: 20 | E14: 22 | F14: 25 | G14: 31 | H14: 35 | I14: 39 | J14: 43 | K14: 47 | L14: 50 | M14: =SUM(N14:O14) -> 10.7 | N14: 8.7 | O14: 2
A15: Midi + Après-midi long | B15: 3+5 | C15: 23 | D15: 25 | E15: 27 | F15: 30 | G15: 37 | H15: 41 | I15: 45 | J15: 49 | K15: 53 | L15: 56 | M15: =SUM(N15:O15) -> 10.7 | N15: 8.7 | O15: 2
A16: Midi + Soir | B16: 3+6 | C16: 16 | D16: 18 | E16: 20 | F16: 23 | G16: 29 | H16: 33 | I16: 36 | J16: 40 | K16: 44 | L16: 48 | M16: =SUM(N16:O16) -> 10.7 | N16: 8.7 | O16: 2
A17: Matin + Soir | B17: 1+6 | C17: 18 | D17: 20 | E17: 22 | F17: 25 | G17: 31 | H17: 35 | I17: 39 | J17: 43 | K17: 47 | L17: 50 | M17: =SUM(N17:O17) -> 2 | O17: 2
A18: Prestations occasionnelles | C18: 0.2 | D18: 0.2 | E18: 0.2 | F18: 0.2 | G18: 0.2 | H18: 0.2 | I18: 0.2 | J18: 0.2 | K18: 0.2 | L18: 0.2
A20: Les prestations occasionnelles sont majorées de 20%.
A21: Les rabais sur les prestations cumulées ne s'appliquent pas sur les prestations occasionnelles.
A23: TARIFS UAPE durant les vacances scolaires: de la 1 à 8 HarmoS, sans repas
A24: Repas à FR. 8.70.- / Déjeuner et Goûter à FR. 2.-
C25: A | D25: B | E25: C | F25: D | G25: E | H25: F | I25: G | J25: H | K25: I | L25: J
A26: REVENUS | C26: Inférieur à Fr. 50’000.- | D26: De Fr. 50’001.- à Fr. 75’000.- | E26: De Fr. 75’001.- à Fr. 100’000.- | F26: De Fr. 100’001.- à Fr. 125’000.- | G26: De Fr. 125’001.- à Fr. 150’000.- | H26: De Fr. 150’001.- à Fr. 175’000.- | I26: De Fr. 175’001.- à Fr. 200’000.- | J26: De Fr. 200’001.- à Fr. 225’000.- | K26: De Fr. 225’001.- à Fr. 250’000.- | L26: Supérieur à Fr. 250’001.-
A27: Matin (06h30-12h00) | C27: 18 | D27: 20 | E27: 23 | F27: 30 | G27: 33 | H27: 36 | I27: 40 | J27: 44 | K27: 48 | L27: 52
A28: Matin + midi (06h30-13h30) | C28: 20.5 | D28: 22.5 | E28: 25.5 | F28: 33 | G28: 35 | H28: 39 | I28: 43 | J28: 47 | K28: 51 | L28: 55
A29: Midi + après-midi (11h30-19h00) | C29: 20.5 | D29: 22.5 | E29: 25.5 | F29: 33 | G29: 35 | H29: 39 | I29: 43 | J29: 47 | K29: 51 | L29: 55
A30: Après-midi (13h15-19h00) | C30: 18 | D30: 20 | E30: 23 | F30: 30 | G30: 33 | H30: 36 | I30: 40 | J30: 44 | K30: 48 | L30: 52
A31: Journée (06h30-19h00) | C31: 40.5 | D31: 43.5 | E31: 46.5 | F31: 59 | G31: 63 | H31: 66 | I31: 71 | J31: 75 | K31: 79 | L31: 83

Sheet REGULIER - UAPE
A1: Ce simulateur est un outil pour estimer le coût de la fréquentation souhaitée par contrat. Sélectionner votre classe salariale, les prestations souhaitées, et indiquer le nombre d'enfant que vous avez inscrit à la structure (nurserie, crèche ou UAPE).
A3: ESTIMATION DES COÛTS (UAPE) - Inscription régulière
A9: 1. Veuillez sélectionner votre classe de salaire dans le menu déroulant : | H9: 9
A10: 1 | B10: 2 | C10: 3 | D10: 4 | E10: 5 | F10: 6 | G10: 7 | H10: 8 | I10: 9 | J10: 10
A11: Inférieur à Fr. 50’000.- | B11: De Fr. 50’001.- à Fr. 75’000.- | C11: De Fr. 75’001.- à Fr. 100’000.- | D11: De Fr. 100’001.- à Fr. 125’000.- | E11: De Fr. 125’001.- à Fr. 150’000.- | F11: De Fr. 150’001.- à Fr. 175’000.- | G11: De Fr. 175’001.- à Fr. 200’000.- | H11: De Fr. 200’001.- à Fr. 225’000.- | I11: De Fr. 225’001.- à Fr. 250’000.- | J11: Supérieur à Fr. 250’001.-
A13: 2. Saisissez la date de naissance de votre enfant : | H13: 46023
A15: 3. Veuillez préciser le nombre d'enfant(s) inscrit(s) dans la structure : | H15: 3 | J15: Classement de l'enfant selon ses frères et sœur.
A16: Veuillez saisir les dates de naissance de vos autres enfants. | E16: Enfant 2 | F16: Enfant 3 | G16: Enfant 4 | H16: Enfant 5 | J16: L'enfant est le | K16: =COUNTIF($E$17:$H$17,">"&$H$13)+1 -> 1 | L16: ème plus jeune
A17: Ces informations permettent de calculer un rabais de fratrie potentiel. | E17: 44562 | F17: 44197
A19: Rabais de fratrie appliqué à partir du 2ème enfant (sur les frais de garde) | H19: =IF(H15=2,IF(K16<=1,10%,0), IF(H15=3,IF(K16<=2,15%,0), IF(H15=4,IF(K16<=3,15%,0), IF(H15=5,IF(K16<=4,15%,0), IF(H15=6,IF(K16<=5,15%,0),0))))) -> 0.15 | I19: *
A21: 4. Veuillez sélectionner les prestations auxquelles vous souhaitez inscrire votre enfant :
A22: Prestation | D22: Lundi | E22: Mardi | F22: Mercredi | G22: Jeudi | H22: Vendredi | I22: Nb par semaine | J22: Frais de garde | K22: Frais de repas | L22: *
A23: Matin (06h30-08h05) | C23: 1 | D23: OUI | I23: =COUNTIF(D23:H23,"OUI") -> 1 | J23: =IF((VLOOKUP(A23,'Tarifs UAPE'!$A$1:$O$17,$H$9+2,0)*I23)=0,"",(VLOOKUP(A23,'Tarifs UAPE'!$A$1:$O$17,$H$9+2,0)*I23)) -> 34 | K23: =IF((VLOOKUP(A23,'Tarifs UAPE'!$A$1:$O$17,13,0)*I23)=0,"",(VLOOKUP(A23,'Tarifs UAPE'!$A$1:$O$17,13,0)*I23))
A24: Matinée (06h30-11h30) | C24: 2 | I24: =COUNTIF(D24:H24,"OUI") -> 0 | J24: =IF((VLOOKUP(A24,'Tarifs UAPE'!$A$1:$O$17,$H$9+2,0)*I24)=0,"",(VLOOKUP(A24,'Tarifs UAPE'!$A$1:$O$17,$H$9+2,0)*I24)) | K24: =IF((VLOOKUP(A24,'Tarifs UAPE'!$A$1:$O$17,13,0)*I24)=0,"",(VLOOKUP(A24,'Tarifs UAPE'!$A$1:$O$17,13,0)*I24))
A25: Midi (11h30-13h30) | C25: 3 | F25: OUI | I25: =COUNTIF(D25:H25,"OUI") -> 1 | J25: =IF((VLOOKUP(A25,'Tarifs UAPE'!$A$1:$O$17,$H$9+2,0)*I25)=0,"",(VLOOKUP(A25,'Tarifs UAPE'!$A$1:$O$17,$H$9+2,0)*I25)) -> 39 | K25: =IF((VLOOKUP(A25,'Tarifs UAPE'!$A$1:$O$17,13,0)*I25)=0,"",(VLOOKUP(A25,'Tarifs UAPE'!$A$1:$O$17,13,0)*I25)) -> 8.7
A26: Après-midi court (13h30-16h00) | C26: 4 | F26: OUI | I26: =COUNTIF(D26:H26,"OUI") -> 1 | J26: =IF((VLOOKUP(A26,'Tarifs UAPE'!$A$1:$O$17,$H$9+2,0)*I26)=0,"",(VLOOKUP(A26,'Tarifs UAPE'!$A$1:$O$17,$H$9+2,0)*I26)) -> 37 | K26: =IF((VLOOKUP(A26,'Tarifs UAPE'!$A$1:$O$17,13,0)*I26)=0,"",(VLOOKUP(A26,'Tarifs UAPE'!$A$1:$O$17,13,0)*I26)) -> 2
A27: Après-midi long (13h30-19h00) | C27: 5 | I27: =COUNTIF(D27:H27,"OUI") -> 0 | J27: =IF((VLOOKUP(A27,'Tarifs UAPE'!$A$1:$O$17,$H$9+2,0)*I27)=0,"",(VLOOKUP(A27,'Tarifs UAPE'!$A$1:$O$17,$H$9+2,0)*I27)) | K27: =IF((VLOOKUP(A27,'Tarifs UAPE'!$A$1:$O$17,13,0)*I27)=0,"",(VLOOKUP(A27,'Tarifs UAPE'!$A$1:$O$17,13,0)*I27))
A28: Soir (16h05-19h00) | C28: 6 | I28: =COUNTIF(D28:H28,"OUI") -> 0 | J28: =IF((VLOOKUP(A28,'Tarifs UAPE'!$A$1:$O$17,$H$9+2,0)*I28)=0,"",(VLOOKUP(A28,'Tarifs UAPE'!$A$1:$O$17,$H$9+2,0)*I28)) | K28: =IF((VLOOKUP(A28,'Tarifs UAPE'!$A$1:$O$17,13,0)*I28)=0,"",(VLOOKUP(A28,'Tarifs UAPE'!$A$1:$O$17,13,0)*I28))
A29: Matin + Midi | C29: 1+3 | I29: =COUNTIF(D29:H29,"OUI") -> 0 | J29: =IF((VLOOKUP(A29,'Tarifs UAPE'!$A$1:$O$17,$H$9+2,0)*I29)=0,"",(VLOOKUP(A29,'Tarifs UAPE'!$A$1:$O$17,$H$9+2,0)*I29)) | K29: =IF((VLOOKUP(A29,'Tarifs UAPE'!$A$1:$O$17,13,0)*I29)=0,"",(VLOOKUP(A29,'Tarifs UAPE'!$A$1:$O$17,13,0)*I29))
A30: Matinée + Midi | C30: 2+3 | I30: =COUNTIF(D30:H30,"OUI") -> 0 | J30: =IF((VLOOKUP(A30,'Tarifs UAPE'!$A$1:$O$17,$H$9+2,0)*I30)=0,"",(VLOOKUP(A30,'Tarifs UAPE'!$A$1:$O$17,$H$9+2,0)*I30)) | K30: =IF((VLOOKUP(A30,'Tarifs UAPE'!$A$1:$O$17,13,0)*I30)=0,"",(VLOOKUP(A30,'Tarifs UAPE'!$A$1:$O$17,13,0)*I30))
A31: Journée sans école après-midi | C31: 1+2+5 | G31: OUI | H31: OUI | I31: =COUNTIF(D31:H31,"OUI") -> 2 | J31: =IF((VLOOKUP(A31,'Tarifs UAPE'!$A$1:$O$17,$H$9+2,0)*I31)=0,"",(VLOOKUP(A31,'Tarifs UAPE'!$A$1:$O$17,$H$9+2,0)*I31)) -> 130 | K31: =IF((VLOOKUP(A31,'Tarifs UAPE'!$A$1:$O$17,13,0)*I31)=0,"",(VLOOKUP(A31,'Tarifs UAPE'!$A$1:$O$17,13,0)*I31)) -> 21.4
A32: Journée sans école matin | C32: 2+3+6 | I32: =COUNTIF(D32:H32,"OUI") -> 0 | J32: =IF((VLOOKUP(A32,'Tarifs UAPE'!$A$1:$O$17,$H$9+2,0)*I32)=0,"",(VLOOKUP(A32,'Tarifs UAPE'!$A$1:$O$17,$H$9+2,0)*I32)) | K32: =IF((VLOOKUP(A32,'Tarifs UAPE'!$A$1:$O$17,13,0)*I32)=0,"",(VLOOKUP(A32,'Tarifs UAPE'!$A$1:$O$17,13,0)*I32))
A33: Journée avec école | C33: 1+3+6 | I33: =COUNTIF(D33:H33,"OUI") -> 0 | J33: =IF((VLOOKUP(A33,'Tarifs UAPE'!$A$1:$O$17,$H$9+2,0)*I33)=0,"",(VLOOKUP(A33,'Tarifs UAPE'!$A$1:$O$17,$H$9+2,0)*I33)) | K33: =IF((VLOOKUP(A33,'Tarifs UAPE'!$A$1:$O$17,13,0)*I33)=0,"",(VLOOKUP(A33,'Tarifs UAPE'!$A$1:$O$17,13,0)*I33))
A34: Midi + Après-midi court | C34: 3+4 | I34: =COUNTIF(D34:H34,"OUI") -> 0 | J34: =IF((VLOOKUP(A34,'Tarifs UAPE'!$A$1:$O$17,$H$9+2,0)*I34)=0,"",(VLOOKUP(A34,'Tarifs UAPE'!$A$1:$O$17,$H$9+2,0)*I34)) | K34: =IF((VLOOKUP(A34,'Tarifs UAPE'!$A$1:$O$17,13,0)*I34)=0,"",(VLOOKUP(A34,'Tarifs UAPE'!$A$1:$O$17,13,0)*I34))
A35: Midi + Après-midi long | C35: 3+5 | E35: OUI | I35: =COUNTIF(D35:H35,"OUI") -> 1 | J35: =IF((VLOOKUP(A35,'Tarifs UAPE'!$A$1:$O$17,$H$9+2,0)*I35)=0,"",(VLOOKUP(A35,'Tarifs UAPE'!$A$1:$O$17,$H$9+2,0)*I35)) -> 53 | K35: =IF((VLOOKUP(A35,'Tarifs UAPE'!$A$1:$O$17,13,0)*I35)=0,"",(VLOOKUP(A35,'Tarifs UAPE'!$A$1:$O$17,13,0)*I35)) -> 10.7
A36: Midi + Soir | C36: 3+6 | I36: =COUNTIF(D36:H36,"OUI") -> 0 | J36: =IF((VLOOKUP(A36,'Tarifs UAPE'!$A$1:$O$17,$H$9+2,0)*I36)=0,"",(VLOOKUP(A36,'Tarifs UAPE'!$A$1:$O$17,$H$9+2,0)*I36)) | K36: =IF((VLOOKUP(A36,'Tarifs UAPE'!$A$1:$O$17,13,0)*I36)=0,"",(VLOOKUP(A36,'Tarifs UAPE'!$A$1:$O$17,13,0)*I36))
A37: Matin + Soir | C37: 1+6 | I37: =COUNTIF(D37:H37,"OUI") -> 0 | J37: =IF((VLOOKUP(A37,'Tarifs UAPE'!$A$1:$O$17,$H$9+2,0)*I37)=0,"",(VLOOKUP(A37,'Tarifs UAPE'!$A$1:$O$17,$H$9+2,0)*I37)) | K37: =IF((VLOOKUP(A37,'Tarifs UAPE'!$A$1:$O$17,13,0)*I37)=0,"",(VLOOKUP(A37,'Tarifs UAPE'!$A$1:$O$17,13,0)*I37))
D39: Total par semaine (acompte minimum) | H39: =J39+K39 -> 335.8 | J39: =SUM(J23:J37) -> 293 | K39: =SUM(K23:K37) -> 42.8
D41: Total après le rabais de fratrie | H41: =J41+K41 -> 291.85 | J41: =IF(H15=1,SUM(J23:J37),(IF(H15=2,(SUM(J23:J37))*(1-H19),IF(H15>2,(SUM(J23:J37))*(1-H19),(SUM(J23:J37)))))) -> 249.05 | K41: =K39 -> 42.8
D43: Estimation mensuelle (4.5 semaines) | H43: =H41*4.5 -> 1313.325 | J43: =J41*4.5 -> 1120.725 | K43: =K41*4.5 -> 192.6
A45: * Le rabais de fratrie ne s'appliquera qu'à partir du 2ème enfant inscrit, sur le(s) montant(s) des prestations de(s) l'enfant(s) le(s) plus jeune(s).
A46: * Les frais de repas comprennent le repas du midi et/ou le goûter. Le petit déjeuner n'est pas compris dans ces frais et sera facturé 2.00 CHF chaque fois que votre enfant le consommera.

Sheet IRREGULIER - UAPE
A1: Ce simulateur est un outil pour estimer le coût de la fréquentation souhaitée par contrat. Sélectionner votre classe salariale, les prestations souhaitées, et indiquer le nombre d'enfant que vous avez inscrit à la structure (nurserie, crèche ou UAPE).
A3: ESTIMATION DES COÛTS (UAPE) - Inscription irrégulière
A9: 1. Veuillez sélectionner votre classe de salaire dans le menu déroulant : | G9: 8
A10: 1 | B10: 2 | C10: 3 | D10: 4 | E10: 5 | F10: 6 | G10: 7 | H10: 8 | I10: 9 | J10: 10
A11: Inférieur à Fr. 50’000.- | B11: De Fr. 50’001.- à Fr. 75’000.- | C11: De Fr. 75’001.- à Fr. 100’000.- | D11: De Fr. 100’001.- à Fr. 125’000.- | E11: De Fr. 125’001.- à Fr. 150’000.- | F11: De Fr. 150’001.- à Fr. 175’000.- | G11: De Fr. 175’001.- à Fr. 200’000.- | H11: De Fr. 200’001.- à Fr. 225’000.- | I11: De Fr. 225’001.- à Fr. 250’000.- | J11: Supérieur à Fr. 250’001.-
A13: 2. Saisissez la date de naissance de votre enfant : | G13: 46388
A15: 3. Veuillez préciser le nombre d'enfant(s) inscrit(s) dans la structure : | G15: 2 | J15: Classement de l'enfant selon ses frères et sœur.
A16: Veuillez saisir les dates de naissance de vos autres enfants. | D16: Enfant 2 | E16: Enfant 3 | F16: Enfant 4 | G16: Enfant 5 | J16: L'enfant est le | K16: =COUNTIF($D$17:$G$17,">"&$G$13)+1 -> 1 | L16: ème plus jeune
A17: Ces informations permettent de calculer un rabais de fratrie potentiel. | D17: 45292 | E17: 45658
A19: Rabais de fratrie appliqué à partir du 2ème enfant (sur les frais de garde) | G19: =IF(G15=2,IF(K16<=1,10%,0), IF(G15=3,IF(K16<=2,15%,0), IF(G15=4,IF(K16<=3,15%,0), IF(G15=5,IF(K16<=4,15%,0), IF(G15=6,IF(K16<=5,15%,0),0))))) -> 0.1 | H19: *
A21: 4. Veuillez indiquer combien de fois par mois vous souhaitez inscire votre enfant aux prestations suivantes :
A22: Prestation | D22: Fréquentation mensuelle | E22: Nb par semaine | F22: Frais de garde | G22: Frais de repas | H22: *
A23: Matin (06h30-08h05) | C23: 1 | D23: 5 | E23: =IF(OR(D23="",D23=0),0,IF(AND(D23>0,D23<4),4,IF(D23>4,D23,4))) -> 5 | F23: =IF((VLOOKUP(A23,'Tarifs UAPE'!$A$1:$O$17,$G$9+2,0)*E23)=0,"",(VLOOKUP(A23,'Tarifs UAPE'!$A$1:$O$17,$G$9+2,0)*E23)) -> 155 | G23: =IF((VLOOKUP(A23,'Tarifs UAPE'!$A$1:$O$17,13,0)*E23)=0,"",(VLOOKUP(A23,'Tarifs UAPE'!$A$1:$O$17,13,0)*E23))
A24: Matinée (06h30-11h30) | C24: 2 | D24: 0 | E24: =IF(OR(D24="",D24=0),0,IF(AND(D24>0,D24<4),4,IF(D24>4,D24,4))) -> 0 | F24: =IF((VLOOKUP(A24,'Tarifs UAPE'!$A$1:$O$17,$G$9+2,0)*E24)=0,"",(VLOOKUP(A24,'Tarifs UAPE'!$A$1:$O$17,$G$9+2,0)*E24)) | G24: =IF((VLOOKUP(A24,'Tarifs UAPE'!$A$1:$O$17,13,0)*E24)=0,"",(VLOOKUP(A24,'Tarifs UAPE'!$A$1:$O$17,13,0)*E24))
A25: Midi (11h30-13h30) | C25: 3 | D25: 3 | E25: =IF(OR(D25="",D25=0),0,IF(AND(D25>0,D25<4),4,IF(D25>4,D25,4))) -> 4 | F25: =IF((VLOOKUP(A25,'Tarifs UAPE'!$A$1:$O$17,$G$9+2,0)*E25)=0,"",(VLOOKUP(A25,'Tarifs UAPE'!$A$1:$O$17,$G$9+2,0)*E25)) -> 140 | G25: =IF((VLOOKUP(A25,'Tarifs UAPE'!$A$1:$O$17,13,0)*E25)=0,"",(VLOOKUP(A25,'Tarifs UAPE'!$A$1:$O$17,13,0)*E25)) -> 34.8
A26: Après-midi court (13h30-16h00) | C26: 4 | D26: 0 | E26: =IF(OR(D26="",D26=0),0,IF(AND(D26>0,D26<4),4,IF(D26>4,D26,4))) -> 0 | F26: =IF((VLOOKUP(A26,'Tarifs UAPE'!$A$1:$O$17,$G$9+2,0)*E26)=0,"",(VLOOKUP(A26,'Tarifs UAPE'!$A$1:$O$17,$G$9+2,0)*E26)) | G26: =IF((VLOOKUP(A26,'Tarifs UAPE'!$A$1:$O$17,13,0)*E26)=0,"",(VLOOKUP(A26,'Tarifs UAPE'!$A$1:$O$17,13,0)*E26))
A27: Après-midi long (13h30-19h00) | C27: 5 | D27: 0 | E27: =IF(OR(D27="",D27=0),0,IF(AND(D27>0,D27<4),4,IF(D27>4,D27,4))) -> 0 | F27: =IF((VLOOKUP(A27,'Tarifs UAPE'!$A$1:$O$17,$G$9+2,0)*E27)=0,"",(VLOOKUP(A27,'Tarifs UAPE'!$A$1:$O$17,$G$9+2,0)*E27)) | G27: =IF((VLOOKUP(A27,'Tarifs UAPE'!$A$1:$O$17,13,0)*E27)=0,"",(VLOOKUP(A27,'Tarifs UAPE'!$A$1:$O$17,13,0)*E27))
A28: Soir (16h05-19h00) | C28: 6 | D28: 0 | E28: =IF(OR(D28="",D28=0),0,IF(AND(D28>0,D28<4),4,IF(D28>4,D28,4))) -> 0 | F28: =IF((VLOOKUP(A28,'Tarifs UAPE'!$A$1:$O$17,$G$9+2,0)*E28)=0,"",(VLOOKUP(A28,'Tarifs UAPE'!$A$1:$O$17,$G$9+2,0)*E28)) | G28: =IF((VLOOKUP(A28,'Tarifs UAPE'!$A$1:$O$17,13,0)*E28)=0,"",(VLOOKUP(A28,'Tarifs UAPE'!$A$1:$O$17,13,0)*E28))
A29: Matin + Midi | C29: 1+3 | D29: 4 | E29: =IF(OR(D29="",D29=0),0,IF(AND(D29>0,D29<4),4,IF(D29>4,D29,4))) -> 4 | F29: =IF((VLOOKUP(A29,'Tarifs UAPE'!$A$1:$O$17,$G$9+2,0)*E29)=0,"",(VLOOKUP(A29,'Tarifs UAPE'!$A$1:$O$17,$G$9+2,0)*E29)) -> 152 | G29: =IF((VLOOKUP(A29,'Tarifs UAPE'!$A$1:$O$17,13,0)*E29)=0,"",(VLOOKUP(A29,'Tarifs UAPE'!$A$1:$O$17,13,0)*E29)) -> 34.8
A30: Matinée + Midi | C30: 2+3 | D30: 0 | E30: =IF(OR(D30="",D30=0),0,IF(AND(D30>0,D30<4),4,IF(D30>4,D30,4))) -> 0 | F30: =IF((VLOOKUP(A30,'Tarifs UAPE'!$A$1:$O$17,$G$9+2,0)*E30)=0,"",(VLOOKUP(A30,'Tarifs UAPE'!$A$1:$O$17,$G$9+2,0)*E30)) | G30: =IF((VLOOKUP(A30,'Tarifs UAPE'!$A$1:$O$17,13,0)*E30)=0,"",(VLOOKUP(A30,'Tarifs UAPE'!$A$1:$O$17,13,0)*E30))
A31: Journée sans école après-midi | C31: 1+2+5 | D31: 0 | E31: =IF(OR(D31="",D31=0),0,IF(AND(D31>0,D31<4),4,IF(D31>4,D31,4))) -> 0 | F31: =IF((VLOOKUP(A31,'Tarifs UAPE'!$A$1:$O$17,$G$9+2,0)*E31)=0,"",(VLOOKUP(A31,'Tarifs UAPE'!$A$1:$O$17,$G$9+2,0)*E31)) | G31: =IF((VLOOKUP(A31,'Tarifs UAPE'!$A$1:$O$17,13,0)*E31)=0,"",(VLOOKUP(A31,'Tarifs UAPE'!$A$1:$O$17,13,0)*E31))
A32: Journée sans école matin | C32: 2+3+6 | D32: 0 | E32: =IF(OR(D32="",D32=0),0,IF(AND(D32>0,D32<4),4,IF(D32>4,D32,4))) -> 0 | F32: =IF((VLOOKUP(A32,'Tarifs UAPE'!$A$1:$O$17,$G$9+2,0)*E32)=0,"",(VLOOKUP(A32,'Tarifs UAPE'!$A$1:$O$17,$G$9+2,0)*E32)) | G32: =IF((VLOOKUP(A32,'Tarifs UAPE'!$A$1:$O$17,13,0)*E32)=0,"",(VLOOKUP(A32,'Tarifs UAPE'!$A$1:$O$17,13,0)*E32))
A33: Journée avec école | C33: 1+3+6 | D33: 0 | E33: =IF(OR(D33="",D33=0),0,IF(AND(D33>0,D33<4),4,IF(D33>4,D33,4))) -> 0 | F33: =IF((VLOOKUP(A33,'Tarifs UAPE'!$A$1:$O$17,$G$9+2,0)*E33)=0,"",(VLOOKUP(A33,'Tarifs UAPE'!$A$1:$O$17,$G$9+2,0)*E33)) | G33: =IF((VLOOKUP(A33,'Tarifs UAPE'!$A$1:$O$17,13,0)*E33)=0,"",(VLOOKUP(A33,'Tarifs UAPE'!$A$1:$O$17,13,0)*E33))
A34: Midi + Après-midi court | C34: 3+4 | D34: 0 | E34: =IF(OR(D34="",D34=0),0,IF(AND(D34>0,D34<4),4,IF(D34>4,D34,4))) -> 0 | F34: =IF((VLOOKUP(A34,'Tarifs UAPE'!$A$1:$O$17,$G$9+2,0)*E34)=0,"",(VLOOKUP(A34,'Tarifs UAPE'!$A$1:$O$17,$G$9+2,0)*E34)) | G34: =IF((VLOOKUP(A34,'Tarifs UAPE'!$A$1:$O$17,13,0)*E34)=0,"",(VLOOKUP(A34,'Tarifs UAPE'!$A$1:$O$17,13,0)*E34))
A35: Midi + Après-midi long | C35: 3+5 | D35: 0 | E35: =IF(OR(D35="",D35=0),0,IF(AND(D35>0,D35<4),4,IF(D35>4,D35,4))) -> 0 | F35: =IF((VLOOKUP(A35,'Tarifs UAPE'!$A$1:$O$17,$G$9+2,0)*E35)=0,"",(VLOOKUP(A35,'Tarifs UAPE'!$A$1:$O$17,$G$9+2,0)*E35)) | G35: =IF((VLOOKUP(A35,'Tarifs UAPE'!$A$1:$O$17,13,0)*E35)=0,"",(VLOOKUP(A35,'Tarifs UAPE'!$A$1:$O$17,13,0)*E35))
A36: Midi + Soir | C36: 3+6 | D36: 0 | E36: =IF(OR(D36="",D36=0),0,IF(AND(D36>0,D36<4),4,IF(D36>4,D36,4))) -> 0 | F36: =IF((VLOOKUP(A36,'Tarifs UAPE'!$A$1:$O$17,$G$9+2,0)*E36)=0,"",(VLOOKUP(A36,'Tarifs UAPE'!$A$1:$O$17,$G$9+2,0)*E36)) | G36: =IF((VLOOKUP(A36,'Tarifs UAPE'!$A$1:$O$17,13,0)*E36)=0,"",(VLOOKUP(A36,'Tarifs UAPE'!$A$1:$O$17,13,0)*E36))
A37: Matin + Soir | C37: 1+6 | D37: 0 | E37: =IF(OR(D37="",D37=0),0,IF(AND(D37>0,D37<4),4,IF(D37>4,D37,4))) -> 0 | F37: =IF((VLOOKUP(A37,'Tarifs UAPE'!$A$1:$O$17,$G$9+2,0)*E37)=0,"",(VLOOKUP(A37,'Tarifs UAPE'!$A$1:$O$17,$G$9+2,0)*E37)) | G37: =IF((VLOOKUP(A37,'Tarifs UAPE'!$A$1:$O$17,13,0)*E37)=0,"",(VLOOKUP(A37,'Tarifs UAPE'!$A$1:$O$17,13,0)*E37))
A39: Total par semaine (acompte minimum) | E39: =G39+H39 -> 516.6 | G39: =SUM(F23:F37) -> 447 | H39: =SUM(G23:G37) -> 69.6
A41: Total après le rabais de fratrie | E41: =G41+H41 -> 471.9 | G41: =IF(G15=1,SUM(F23:F37),(IF(G15=2,(SUM(F23:F37))*(1-G19),IF(G15>2,(SUM(F23:F37))*(1-G19),(SUM(F23:F37)))))) -> 402.3 | H41: =H39 -> 69.6
A44: * Le rabais de fratrie ne s'appliquera qu'à partir du 2ème enfant inscrit, sur le(s) montant(s) des prestations de(s) l'enfant(s) le(s) plus jeune(s).
A45: * Les frais de repas comprennent le repas du midi et/ou le goûter. Le petit déjeuner n'est pas compris dans ces frais et sera facturé 2.00 CHF chaque fois que votre enfant le consommera.
A47: Pour les contrats irréguliers, un minimum de 4 fréquentations par prestation choisie est imposé par mois. Si votre enfant ne vient que 2 ou 3 fois, 4 prestations seront facturées.
A48: Si votre enfant vient plus de 4 fois, les prestations seront facturées au réel.
A49: Vous ne pouvez pas inscrire votre enfant plus de 12 fois à la même prestation.
A51: Vous devrez inscrire votre enfant 1 semaine à l'avance directement via MonPortail.
